 Dungeon Crawl Stone Soup version 0.29.1-12-g30fa7ad0bf (webtiles) character file.

Game seed: 3801373259579928253

72 croobank the Insei (level 4, 0/29 HPs)
             Began as an Octopode Transmuter on Jan 1, 2023.
             Killed by divine providence
             ... invoked by an orc priest
              (10 damage)
             ... on level 2 of the Dungeon.
             The game lasted 00:03:06 (1939 turns).

croobank the Insei (Octopode Transmuter)            Turns: 1939, Time: 00:03:07

Health: 0/29       AC:  1    Str:  9    XL:     4   Next: 26%
Magic:  5/7        EV: 13    Int: 17    God:
Gold:   101        SH:  0    Dex: 12    Spells: 1/7 levels left

rFire   . . .      SeeInvis .     - Unarmed
rCold   . . .      Faith    .   (no shield)
rNeg    . . .      Spirit   .   (helmet currently unavailable)
rPois   .          Reflect  .   (no amulet)
rElec   .          Harm     .   (no ring)
rCorr   .          Rampage  .   (no ring)
Will    .....                   (no ring)
Stlth   +++.......              (no ring)
HPRegen 0.09/turn               (no ring)
MPRegen 0.10/turn               (no ring)
                                (no ring)
                                (no ring)

@: appendages, wereblooded
A: tentacle spike 3, almost no armour, amphibious, 8 rings, camouflage 1,
gelatinous body 1, (nimble swimmer 1), tentacles
a: End Transformation


You were on level 2 of the Dungeon.
One of your tentacles had grown a beastly spike.
You visited 1 branch of the dungeon, and saw 2 of its levels.

You collected 101 gold pieces.

Inventory:

Missiles
 h - 2 poisoned darts
Scrolls
 b - 2 scrolls of teleportation {unknown}
 d - 2 scrolls of vulnerability {unknown}
 g - a scroll of immolation {unknown}
 j - a scroll of identify {unknown}
Potions
 a - a potion of lignification
 c - a potion of heal wounds {unknown}
 e - a potion of curing {unknown}
 f - a potion of degeneration {unknown}
 i - a potion of invisibility {unknown}


   Skills:
 + Level 1.6 Fighting
 + Level 2.4 Dodging
 * Level 2.9 Stealth
 - Level 3.0 Unarmed Combat
 + Level 2.4 Spellcasting
 + Level 0.1 Conjurations
 + Level 2.4 Transmutations
 + Level 0.1 Earth Magic


You had one spell level left.
You knew the following spells:

 Your Spells              Type           Power      Damage    Failure   Level
a - Beastly Appendage     Tmut           20%        N/A       7%          1
b - Wereblood             Tmut           10%        N/A       11%         2
c - Stone Arrow           Conj/Erth      4%         3d7       45%         3

Your spell library contained the following spells:

 Spells                   Type           Power      Damage    Failure   Level
 Sandblast                Erth           4%         2d4       17%         1
 Passwall                 Tmut/Erth      5%         N/A       16%         2
 Spider Form              Tmut/Pois      6%         N/A       32%         3
 Ice Form                 Ice/Tmut       6%         N/A       73%         4
 Fireball                 Conj/Fire      1%         3d3       99%         5
 Starburst                Conj/Fire      1%         6d3       100%        6
 Ignition                 Fire           1%         3d3       100%        8


Dungeon Overview and Level Annotations

Branches:
Dungeon (2/15)

Altars:


Innate Abilities, Weirdness & Mutations

One of your tentacles has grown a beastly spike.
You cannot wear most types of armour.
You are amphibious.
You can wear up to eight rings at the same time.
Your skin changes colour to match your surroundings (Stealth+).
Your rubbery body absorbs attacks. (AC +1, EV +1)
((You are camouflaged when in or above water. (Stealth+)))
You have tentacles for arms and can constrict up to eight enemies at once.


Message History

You see here a frilled lizard corpse.
j - a scroll labelled PUINUY ZOOC
Found a scale mail.
You now have 101 gold pieces (gained 13).
You see here a +0 scale mail.
An orc comes into view. It is wielding a +0 whip.
Casting: Wereblood (safe; 11% risk of failure)
Confirm with . or Enter, or press ? or * to list all spells.
One of your tentacles grows a vicious spike.
Casting: Beastly Appendage (safe; 7% risk of failure)
Confirm with . or Enter, or press ? or * to list all spells.
Your blood is infused with primal strength.
An orc priest comes into view. It is wielding a +0 dagger.
An orc comes into view. It is wielding a +0 hand axe.
The orc barely misses you.
You closely miss the orc. You grab the orc. You constrict the orc.
The orc closely misses you.
You tentacle-slap the orc.
The orc is heavily wounded.
You constrict the orc. The orc hits you with a +0 whip!
You tentacle-slap the orc but do no damage.
You pierce the orc.
You feel a bit better.
You kill the orc!
There are monsters nearby!
An orc priest comes into view. It is wielding a +0 flail.
Found 16 gold pieces.
The orc priest shouts! x2
An orc comes into view. It is wielding a +0 club.
The orc shouts!
Things that are here:
a +0 whip; an orc corpse The orc priest hits you with a +0 flail!
You tentacle-slap the orc priest but do no damage.
You grab the orc priest.
You pierce the orc priest.
The orc priest is lightly wounded.
You constrict the orc priest, but do no damage.
The orc hits you with a +0 club. The orc priest closely misses you.
The orc priest mumbles some strange prayers to Beogh against you.
Beogh smites you!
You die...

#### ...####
#################o......
....[..........)@oo.#
###############.#o..#
#.#...# #.#..$# #...#.#
###..## .. ..


You could see 2 orc priests and 2 orcs.

Vanquished Creatures
  Robin (D:2)
  2 adders (D:2)
  3 dart slugs
  An orc (D:2)
  An endoplasm (D:1)
  2 giant cockroaches
  4 goblins
  5 hobgoblins
  A quokka (D:1)
  8 bats
  4 frilled lizards
  A kobold (D:1)
  5 rats
38 creatures vanquished.

Vanquished Creatures (others)
  5 plants (D:2)
5 creatures vanquished.

Grand Total: 43 creatures vanquished

Notes
Turn   | Place    | Note
-------+----------+-------------------------------------------
     0 | D:1      | croobank the Octopode Transmuter began the quest for the
                  | Orb.
     0 | D:1      | Reached XP level 1. HP: 13/13 MP: 3/3
   368 | D:1      | Reached skill level 1 in Stealth
   378 | D:1      | Found a faded altar of an unknown god.
   389 | D:1      | Reached XP level 2. HP: 14/18 MP: 3/5
  1278 | D:1      | Learned a level 2 spell: Wereblood
  1300 | D:2      | Noticed Robin
  1305 | D:2      | Reached XP level 3. HP: 23/23 MP: 2/6
  1315 | D:2      | Killed Robin
  1614 | D:2      | Learned a level 3 spell: Stone Arrow
  1743 | D:2      | Reached XP level 4. HP: 28/28 MP: 5/7
  1939 | D:2      | Killed from afar by an orc priest

Illustrated notes

Levels and vault maps discovered:
D:1:      dpeg_arrival_long_road, layout_loops_cross,
          hellmonk_ecumenical_altar_inner_sanctum
D:2:      layout_basic, serial_shops, nicolae_shop_advertising_works
          [nicolae_subvault_shop_adworks], minmay_misc_feat_x,
          minmay_lizard_king, uniq_robin

Skill      XL: |  1  2  3 |
---------------+----------+-----
Stealth        | 1 2 |  2.9
Fighting       | |  1.6
Dodging        | |  2.4
Unarmed Combat | |  3.0
Spellcasting   | |  2.4
Conjurations   | |  0.1
Transmutations | |  2.4
Earth Magic    | |  0.1

Action                   |  1- 3 |  4- 6 || total
-------------------------+-------+-------++-------
Melee: Unarmed           |    72 |    17 ||    89
       Constrict         |    19 |     6 ||    25
       Kick              |    17 |     7 ||    24
       Tentacles         |     8 |     2 ||    10
       Punch             |     2 |       ||     2
 Cast: Beastly Appendage |    18 |     3 ||    21
       Wereblood         |     3 |     2 ||     5
 Stab: Sleeping          |     3 |       ||     3
Armor: Skin              |    12 |     2 ||    14
Dodge: Dodged            |    50 |    11 ||    61
